 Dungeon Crawl Stone Soup version 0.27-a0-538-g15ff5c5295 (webtiles) character file.

Game seed: 4327995977460089458

33 jasper the Chopper (level 3, 0/43 HPs)
             Began as a Demonspawn Berserker on Mar 6, 2021.
             Was a Follower of Trog.
             Slain by a quokka (2 damage)
             ... on level 3 of the Dungeon.
             The game lasted 00:01:53 (1025 turns).

jasper the Chopper (Demonspawn Berserker)           Turns: 1025, Time: 00:01:53

Health: 0/43       AC:  2    Str: 17    XL:     3   Next: 12%
Magic:  3/3        EV: 12    Int:  8    God:    Trog [*.....]
Gold:   23         SH:  0    Dex: 13    Spells: 2/2 levels left

rFire    . . .     SeeInvis .   a - +0 hand axe
rCold    . . .     Faith    .   (no shield)
rNeg     + . .     Spirit   .   e - +0 animal skin
rPois    .         Reflect  .   (helmet restricted)
rElec    .         Harm     .   (no cloak)
rCorr    .         Rampage  .   (no gloves)
Will     .....                  (no boots)
Stlth    ..........             (no amulet)
HPRegen  0.14/turn              j - ring of positive energy
MPRegen  0.08/turn              (no ring)

@: berserking, very quick
A: horns 1, foul stench 1
a: Renounce Religion, Berserk


You were on level 3 of the Dungeon.
You worshipped Trog.
Trog was aware of your devotion.
You visited 1 branch of the dungeon, and saw 4 of its levels.

You collected 23 gold pieces.

Inventory:

Hand Weapons
 a - a +0 hand axe (weapon)
 b - a +0 hunting sling
Missiles
 f - 18 sling bullets
 i - 12 poisoned darts
Armour
 e - a +0 animal skin (worn)
Jewellery
 j - a ring of positive energy (left hand)
Scrolls
 g - a scroll of identify {unknown}
Potions
 d - a potion of might {unknown}
 h - a potion of curing {unknown}


   Skills:
 - Level 3.0 Fighting
 + Level 3.9 Axes
 - Level 1.7 Armour
 - Level 1.7 Dodging


You had 2 spell levels left.
You didn't know any spells.
Your spell library was empty.

Dungeon Overview and Level Annotations

Branches:
Dungeon (4/15)
 Temple: D:4-7

Altars:
Ashenzari

Annotations:
D:3 Sigmund


Innate Abilities, Weirdness & Mutations

You have a pair of small horns on your head.
You may rarely emit foul miasma when damaged in melee.


Message History

An orc and 2 orc wizards come into view.
An orc wizard is wielding a +0 dagger and wearing a +2 robe of cold resistance.
The orc shouts!
The orc wizard gestures at itself while chanting.
The orc wizard flickers and vanishes!
Deactivating autopickup; reactivate with Ctrl-A.
The orc wizard hits you with a +0 dagger.
The orc hits you with a +0 club.
Found a robe.
There is a stone staircase leading up, spattered with blood here.
You take 11 damage, and have 11/29 hp.
MASSIVE DAMAGE!!
Unknown command.
Unknown command.
The bat misses you. The rat barely misses you. Something barely misses you.
The orc wizard hits you with a +0 dagger.
You climb upwards.
Level annotation: Sigmund Reactivating autopickup.
The quokka bites you.
* * * LOW HITPOINT WARNING * * *
The quokka bites you.
* * * LOW HITPOINT WARNING * * *
There is a stone staircase leading down, spattered with blood here.
You take 7 damage, and have 4/29 hp.
MASSIVE DAMAGE!!
Okay, then.
It was a potion of berserk rage.
A red film seems to cover your vision as you go berserk!
You feel yourself moving faster!
You feel mighty! The bat closely misses you.
The bat hits you but does no damage. The orc barely misses you.
The quokka closely misses you. The rat bites you but does no damage.
Something hits you.
* * * LOW HITPOINT WARNING * * *
Deactivating autopickup; reactivate with Ctrl-A.
The orc wizard points at itself and mumbles some strange words.
The orc wizard flickers and vanishes!
You now have 2/43 hp.
a - a +0 hand axe (weapon)
You feel a strong urge to attack something.
The orc misses you. The quokka bites you.
You die...

################
...............##
.####.#.###....$# .#
#.#.# #.....##### .#
#.#.# #.........#
.####.#.# #.....###.#
@...#@#.###....b###.####
....#..........r@{......
....#..........#or.....#
....#....#.....{##..##.#
...............# ..#
....#.##.....#.# .#
....#.......... ..
....#.##.....## #.
....#.# .... .^ #.###..
.#.


You could see an orc, a quokka, a bat and a rat.

Vanquished Creatures
  An adder (D:3)
  An ooze (D:3)
  A worm (D:2)
  2 orcs (D:3)
  2 hobgoblins
  3 kobolds
  2 frilled lizards (D:3)
  3 goblins
  2 rats
17 creatures vanquished.

Notes
Turn   | Place    | Note
-------+----------+-------------------------------------------
     0 | D:1      | jasper the Demonspawn Berserker began the quest for the
                  | Orb.
     0 | D:1      | Reached XP level 1. HP: 18/18 MP: 1/1
   322 | D:2      | Gained mutation: You have a pair of small horns on your
                  | head. [demonic ancestry]
   322 | D:2      | Reached XP level 2. HP: 15/24 MP: 2/2
   598 | D:3      | Found a broken altar of Ashenzari.
   904 | D:4      | Noticed a bullfrog
   934 | D:3      | Gained mutation: You may rarely emit foul miasma when
                  | damaged in melee. [demonic ancestry]
   934 | D:3      | Reached XP level 3. HP: 29/29 MP: 3/3
   994 | D:3      | Noticed Sigmund
  1024 | D:3      | HP: 2/43 [something (4)]
  1025 | D:3      | Slain by a quokka

Illustrated notes

Levels and vault maps discovered:
D:1:      wander_arrival_desolate, layout_loops_ring
D:2:      layout_basic, nicolae_ru_great_annihilating_truth
D:3:      layout_loops_ring, evilmike_ruin_ashenzari, uniq_sigmund
D:4:      layout_cave_pools, pdpol_wu_jian_five_deadly_venoms, corexii_shack

Skill      XL: |  1 |
---------------+----+-----
Axes           | 3 |  3.9
Fighting       | |  3.0
Armour         | |  1.7
Dodging        | |  1.7

Action                   || total
-------------------------++-------
Melee: Hand axe          ||    25
       Headbutt          ||     2
 Fire: Hunting sling     ||    17
Invok: Berserk           ||     2
  Use: Potion            ||     1
Armor: Animal skin       ||     9
Dodge: Dodged            ||    31

Table legend: (Time is in decaauts)
 A = Elapsed time spent in this place.
 B = Non-inter-level travel time spent in this place.
 C = Inter-level travel time spent in this place.
 D = Time resting spent in this place.
 E = Time spent auto-exploring this place.
 F = Levels seen in this place.
 G = Mean time per level.
                   A        B        C        D        E       F      G
               +--------+--------+--------+--------+--------+-----+--------+
         Total |   1041 |   1037 |      4 |    460 |    396 |   4 |  260.2 |
       Dungeon |   1041 |   1037 |      4 |    460 |    396 |   4 |  260.2 |
               +--------+--------+--------+--------+--------+-----+--------+

Top non-repeatable levels by time:
     D:3: 540 daAuts
     D:1: 305 daAuts
     D:2: 186 daAuts
     D:4: 7 daAuts
